 Dungeon Crawl Stone Soup version 0.31-a0-743-g45f7035092 (webtiles) character file.

Game seed: 2592529629871008762

975 javelincjr the Sneak (level 8, -6/46 HPs)
             Began as an Octopode Conjurer on Sept 12, 2023.
             Was an Initiate of Sif Muna.
             Mangled by an orc warrior
             ... wielding a +0 halberd of venom
              (14 damage)
             ... on level 5 of the Dungeon.
             The game lasted 00:17:43 (4389 turns).

javelincjr the Sneak (Octopode Conjurer)            Turns: 4389, Time: 00:17:44

Health: -6/46      AC:  1    Str:  6    XL:     8   Next: 16%
Magic:  18/23      EV: 19    Int: 23    God:    Sif Muna [......]
Gold:   286        SH:  0    Dex: 10    Spells: 10/16 levels left

rFire   . . .        c - staff of conjuration
rCold   . . .        (no shield)
rNeg    + . .        (helmet restricted)
rPois   .            (no amulet)
rElec   .            e - ring of positive energy
rCorr   .            p - ring of magical power
SInv    .            u - +5 ring of evasion
Will    .....        (no ring)
Stlth   ++++         (no ring)
HPRegen 0.27/turn    (no ring)
MPRegen 0.18/turn    (no ring)
                     (no ring)

%: no passive effects
@: no status effects
A: almost no armour, amphibious, 8 rings, camouflage 1, gelatinous body 1,
(nimble swimmer 1), tentacles
a: Renounce Religion


You were on level 5 of the Dungeon.
You worshipped Sif Muna.
Sif Muna was noncommittal.
You visited 2 branches of the dungeon, and saw 6 of its levels.

You collected 286 gold pieces.

Inventory:

Hand Weapons
 k - a +1 short sword of holy wrath
Magical Staves
 c - a staff of conjuration (weapon)
Jewellery
 e - a ring of positive energy (left tentacle)
 p - a ring of magical power (right tentacle)
 u - a +5 ring of evasion (on tentacle)
Scrolls
 g - 2 scrolls of enchant weapon {unknown}
 h - a scroll of fog {unknown}
 i - 2 scrolls of identify {unknown}
 l - 2 scrolls of fear {unknown}
 m - 2 scrolls of vulnerability {unknown}
 o - 3 scrolls of teleportation {unknown}
 q - a scroll of blinking {unknown}
 s - a scroll of immolation {unknown}
 t - a scroll of enchant armour {unknown}
 w - a scroll of silence {unknown}
Potions
 a - 2 potions of magic
 d - a potion of lignification {unknown}
 f - a potion of heal wounds {unknown}
 j - a potion of degeneration {unknown}
 n - 2 potions of berserk rage {unknown}
 v - a potion of ambrosia {unknown}


   Skills:
 + Level 4.9 Dodging
 + Level 7.0 Stealth
 + Level 4.5 Spellcasting
 + Level 6.1 Conjurations


You had 10 spell levels left.
You knew the following spells:

 Your Spells              Type           Power      Damage    Failure   Level
a - Magic Dart            Conj           100%       1d8       1%          1
b - Searing Ray           Conj           100%       2d8       1%          2
c - Summon Small Mammal   Summ           20%        N/A       10%         1
d - Call Imp              Summ           10%        N/A       16%         2

Your spell library contained the following spells:

 Spells                   Type           Power      Damage    Failure   Level
 Dazzling Flash           Conj/Hex       56%        N/A       9%          3
 Apportation              Tloc           10%        N/A       10%         1
 Necrotise                Necr           20%        1d5       10%         1
 Mephitic Cloud           Conj/Pois/Air  21%        N/A       13%         3
 Cigotuvi's Dreadful Rot  Necr/Pois/Air  10%        N/A       16%         2
 Fulminant Prism          Conj/Hex       14%        3d8       28%         4
 Iskenderun's Mystic Bla  Conj/Tloc      28%        2d7       28%         4
 Call Canine Familiar     Summ           5%         N/A       30%         3
 Summon Guardian Golem    Hex/Summ       5%         N/A       30%         3
 Dispel Undead            Necr           5%         3d7       69%         4
 Death Channel            Necr           2%         N/A       100%        6


Dungeon Overview and Level Annotations

Branches:
Dungeon (5/15)             Temple (1/1) D:4

Altars:
Ashenzari
Cheibriados
Dithmenos
Elyvilon
Fedhas
Hepliaklqana
Makhleb
Nemelex Xobeh
Okawaru
Qazlal
Ru
Sif Muna
Trog
Uskayaw
Vehumet
Wu Jian
Yredelemnul
Zin
The Shining One


Innate Abilities, Weirdness & Mutations

You cannot wear most types of armour.
You are amphibious.
You can wear up to eight rings at the same time.
Your skin changes colour to match your surroundings (Stealth+).
Your rubbery body absorbs attacks. (AC +1, EV +1)
((You are camouflaged when in or above water. (Stealth+)))
You have tentacles for arms and can constrict up to eight enemies at once.


Message History

The searing ray hits the orc warrior!
The orc warrior is moderately wounded.
You finish channelling your searing ray.
You feel extremely sick. The orc warrior barely misses you.
The orc hits your cerulean imp but does no damage.
The orc hits your cerulean imp with a +0 flail.
Your cerulean imp barely misses the orc.
Casting: Searing Ray (safe; 1% risk of failure)
Confirm with . or Enter, or press ? or * to list all spells.
Aiming: Searing Ray (safe; 1% risk of failure)
Press: ? - help, Shift-Dir - straight line, f/p - orc warrior
Aim: an orc warrior, wielding a +0 halberd of venom and wearing a +0 chain mail (moderately wounded, 81% to hit)
Okay, then.
* * * LOW HITPOINT WARNING * * *
You feel very sick.
The orc barely misses your cerulean imp.
The orc hits your cerulean imp with a +0 flail.
Your cerulean imp hits the orc but does no damage.
It was a potion of curing.
You feel better.
The orc hits your cerulean imp but does no damage.
The orc warrior hits you from afar with a +0 halberd of venom!
* * * LOW HITPOINT WARNING * * *
You are lethally poisoned!
The orc hits your cerulean imp with a +0 flail!
Your cerulean imp dies!
Your cerulean imp disappears in a puff of smoke!
You feel better. The orc warrior closely misses you.
The orc warrior attacks as it pursues you!
The orc warrior hits you from afar with a +0 halberd of venom!
* * * LOW HITPOINT WARNING * * *
You are lethally poisoned!
You feel better. The orc warrior closely misses you.
As you read the scroll labelled RUOCU ONEDGHAN, it crumbles to dust.
Your body is wracked with pain!
* * * LOW HITPOINT WARNING * * *
The orc warrior convulses!
Something is bathed in an unholy light!
The orc convulses! x2; It was a scroll of torment.
The orc warrior hits you from afar with a +0 halberd of venom!
You die...

### ##.# ### ### #..#####.##
#.###.....#...#
##.............#
#.......o......###
#........##......#.
###..@.o.o............
######.....#.....##........
##...#....###...............
#.....##†.#.....###.........
#......#..............<<....
#>.......#.#...#...#........
#.........#.#...##...........
#......##.........#... ...
###...#... ####.........


You could see an orc warrior and 2 orcs.

Vanquished Creatures
  Sigmund (D:4)
  A black bear (D:4)
  An ogre (D:4)
  A phantom (D:4)
  A kobold brigand (D:4)
  A scorpion (D:5)
  5 hounds
  Jessica (D:2)
  A sleepcap (D:4)
  Terence (D:2)
  2 iguanas (D:4)
  An orc wizard (D:4)
  4 adders
  2 worms (D:3)
  A dart slug (D:1)
  9 orcs
  4 ball pythons
  3 bats
  10 endoplasms
  2 giant cockroaches
  8 goblins
  6 hobgoblins
  7 jackals
  A quokka (D:2)
  A frilled lizard (D:3)
  8 kobolds
  11 rats
94 creatures vanquished.

Vanquished Creatures (collateral kills)
  A quokka (D:1)
1 creature vanquished.

Grand Total: 95 creatures vanquished

Notes
Turn   | Place    | Note
-------+----------+-------------------------------------------
     0 | D:1      | javelincjr the Octopode Conjurer began the quest for the
                  | Orb.
     0 | D:1      | Reached XP level 1. HP: 11/11 MP: 3/3
   202 | D:1      | Reached skill level 3 in Stealth
   202 | D:1      | Reached XP level 2. HP: 17/17 MP: 1/5
   209 | D:1      | Learned a level 2 spell: Searing Ray
   479 | D:1      | Learned a level 1 spell: Summon Small Mammal
   653 | D:1      | Reached XP level 3. HP: 21/21 MP: 2/6
   967 | D:2      | Noticed Terence
   988 | D:2      | Killed Terence
   989 | D:2      | Reached XP level 4. HP: 13/27 MP: 0/7
  1177 | D:2      | Noticed Jessica
  1179 | D:2      | Killed Jessica
  1180 | D:2      | Reached skill level 4 in Stealth
  1274 | D:2      | Found a hide-covered altar of Uskayaw.
  1937 | D:3      | Reached XP level 5. HP: 31/31 MP: 6/9
  2296 | D:3      | Found an iron altar of Okawaru.
  2926 | D:4      | Found a basalt altar of Yredelemnul.
  2926 | D:4      | Noticed Sigmund
  2931 | D:4      | Learned a level 2 spell: Call Imp
  2958 | D:4      | Found a blossoming altar of Fedhas.
  3019 | D:4      | Killed Sigmund
  3020 | D:4      | Reached skill level 5 in Stealth
  3020 | D:4      | Reached skill level 5 in Conjurations
  3020 | D:4      | Reached XP level 6. HP: 27/36 MP: 2/11
  3437 | D:4      | Reached XP level 7. HP: 31/41 MP: 12/12
  3519 | D:4      | Reached skill level 6 in Stealth
  3599 | D:4      | Found a staircase to the Ecumenical Temple.
  3610 | Temple   | Entered the Ecumenical Temple
  3623 | Temple   | Became a worshipper of Sif Muna the Loreminder
  3811 | D:4      | Found an ornate altar of the Wu Jian Council.
  4043 | D:5      | Entered Level 5 of the Dungeon
  4073 | D:5      | Reached XP level 8. HP: 46/46 MP: 14/14
  4376 | D:5      | Reached skill level 7 in Stealth
  4387 | D:5      | HP: 1/46 [orc warrior/+0 halberd of venom (11)]
  4389 | D:5      | Mangled by an orc warrior

Illustrated notes

Levels and vault maps discovered:
D:1:      dpeg_arrival_arbitrary_b, layout_basic
D:2:      layout_basic, basic_altar, chequers_decorated_corner,
          chequers_serial_rivers_small_a, kennysheep_generic_room_5,
          uniq_terence, uniq_jessica
D:3:      layout_loops_ring, okawaru_trees_2, minivault_19,
          hangedman_decor_riveting, st_stairs_1, grunt_decor_fettered,
          minmay_misc_feat_iff
D:4:      layout_rooms, mainiacjoe_overflow_large_starburst,
          mainiacjoe_overflow_catwalk, minmay_temple_entry_waves, minmay_bent,
          uniq_sigmund
D:5:      layout_cave_pools
Temple:   nicolae_temple_superstar

Skill      XL: |  1  2  3  4  5  6  7  8 |
---------------+-------------------------+-----
Stealth        | 3 4 5 6 7 |  7.0
Dodging        | 3 4 |  4.9
Spellcasting   | 3 4 |  4.5
Conjurations   | 5 6 |  6.1

Action                     |  1- 3 |  4- 6 |  7- 9 || total
---------------------------+-------+-------+-------++-------
  Melee: Unarmed           |    11 |       |       ||    11
         Constrict         |     4 |     2 |     1 ||     7
         Tentacles         |     2 |     2 |     2 ||     6
         Staff             |     6 |    10 |     2 ||    18
   Cast: Magic Dart        |    34 |    82 |    46 ||   162
         Summon Small Mamm |     6 |       |       ||     6
         Searing Ray       |     3 |    10 |    10 ||    23
         Call Imp          |       |     4 |     1 ||     5
    Use: Potion            |       |       |     3 ||     3
         Scroll            |       |       |     1 ||     1
 Armour: Skin              |     8 |    13 |     5 ||    26
  Dodge: Dodged            |    11 |    15 |    13 ||    39

Table legend: (Time is in decaauts)
 A = Elapsed time spent in this place.
 B = Non-inter-level travel time spent in this place.
 C = Inter-level travel time spent in this place.
 D = Time resting spent in this place.
 E = Time spent auto-exploring this place.
 F = Levels seen in this place.
 G = Mean time per level.
                   A        B        C        D        E       F      G
               +--------+--------+--------+--------+--------+-----+--------+
         Total |   4392 |   4274 |    118 |    404 |   3170 |   6 |  732.0 |
       Dungeon |   4363 |   4269 |     94 |    404 |   3170 |   5 |  872.6 |
        Temple |     28 |      4 |     24 |      0 |      0 |   1 |   28.0 |
               +--------+--------+--------+--------+--------+-----+--------+

Top non-repeatable levels by time:
     D:4: 1307 daAuts
     D:3: 1030 daAuts
     D:1: 844 daAuts
     D:2: 834 daAuts
     D:5: 346 daAuts
  Temple: 28 daAuts
